| TOP OF THE 1ST |
|
Roswell Invaders batting - Pitching for Palm Beach Nationals : RHP Matt Norris
|
|
Pitching: RHP Matt Norris
|
|
|
Batting: RHB Orlando Florez
|
0-0: Called Strike 0-1: Fly out, F9 (Flyball, 89M, EV 83.8 MPH)
|
|
Batting: SHB Ethan Newby
|
0-0: Swinging Strike 0-1: SINGLE (Flyball, 34D, EV 95.0 MPH)
|
|
Batting: LHB Dallas Kelly
|
0-0: Called Strike 0-1: Called Strike 0-2: Ball 1-2: Strikes out swinging
|
|
Batting: RHB Mike Swift
|
0-0: Swinging Strike 0-1: Called Strike 0-2: Strikes out swinging
|
| Top of the 1st over - 0 runs, 1 hit, 0 errors, 1 left on base; Roswell 0 - Palm Beach 0 |
| BOTTOM OF THE 1ST |
|
Palm Beach Nationals batting - Pitching for Roswell Invaders : LHP Travis Osorio
|
|
Pitching: LHP Travis Osorio
|
|
|
Batting: RHB Bobby Bricker
|
0-0: Ball 1-0: Called Strike 1-1: Called Strike 1-2: Foul Ball, location: 2F 1-2: Ball 2-2: Ball 3-2: SINGLE (Line Drive, 6MD, EV 97.5 MPH)
|
|
Batting: RHB Victor Cintron
|
0-0: Ball 1-0: Fly out, F2 (Popup, 25F, EV 88.1 MPH)
|
|
Batting: LHB Chance McWilliams
|
0-0: Called Strike 0-1: Called Strike 0-2: Strikes out swinging
|
|
Batting: RHB Antonio Vallez
|
0-0: Foul Ball, location: 2F 0-1: Ball 1-1: Ball 2-1: Foul Ball, location: 2F 2-2: Foul Ball, location: 2F 2-2: Strikes out swinging, 2-3 out at first.
|
| Bottom of the 1st over - 0 runs, 1 hit, 0 errors, 1 left on base; Roswell 0 - Palm Beach 0 |
| TOP OF THE 2ND |
|
Roswell Invaders batting - Pitching for Palm Beach Nationals : RHP Matt Norris
|
|
Batting: RHB Josh Burrows
|
0-0: Called Strike 0-1: Ball 1-1: Foul Ball, location: 2F 1-2: Fly out, F7 (Flyball, 7, EV 89.4 MPH)
|
|
Batting: LHB Josh Thomas
|
0-0: Foul Ball, location: 2F 0-1: Ball 1-1: SINGLE (Flyball, 34D, EV 85.6 MPH)
|
|
Batting: RHB Cody Savastand
|
0-0: Called Strike 0-1: Foul Ball, location: 2F 0-2: Ball 1-2: Strikes out swinging
|
|
Batting: LHB Afanasy Apatenko
|
0-0: Called Strike 0-1: Ball 1-1: Ball 2-1: Foul Ball, location: 2F 2-2: Ball 3-2: Strikes out swinging, 2-3 out at first.
|
| Top of the 2nd over - 0 runs, 1 hit, 0 errors, 1 left on base; Roswell 0 - Palm Beach 0 |
| BOTTOM OF THE 2ND |
|
Palm Beach Nationals batting - Pitching for Roswell Invaders : LHP Travis Osorio
|
|
Batting: SHB Curtis DeLille
|
0-0: Ball 1-0: Ground out 1-3 (Groundball, 34S, EV 72.5 MPH)
|
|
Batting: RHB Scott Merritt
|
0-0: Ball 1-0: Called Strike 1-1: Swinging Strike 1-2: Foul Ball, location: 2F 1-2: Strikes out swinging
|
|
Batting: RHB Jelexiz Cuenca
|
0-0: Ball 1-0: Fly out, F6 (Line Drive, 6, EV 70.0 MPH)
|
| Bottom of the 2nd over - 0 runs, 0 hits, 0 errors, 0 left on base; Roswell 0 - Palm Beach 0 |
| TOP OF THE 3RD |
|
Roswell Invaders batting - Pitching for Palm Beach Nationals : RHP Matt Norris
|
|
Batting: LHB Falco van Koeveringe
|
0-0: Ball 1-0: Hit by Pitch
|
|
Batting: RHB Orlando Florez
|
0-0: Called Strike 0-1: Ball 1-1: Swinging Strike 1-2: Ball 2-2: Foul Ball, location: 2F 2-2: Foul Ball, location: 2F 2-2: Strikes out swinging
|
|
Batting: SHB Ethan Newby
|
0-0: Swinging Strike 0-1: Ball 1-1: Ball 2-1: Foul Ball, location: 2F 2-2: Fly out, F9 (Flyball, 9LM, EV 93.1 MPH)
|
|
Batting: LHB Dallas Kelly
|
0-0: Ball 1-0: Ball 2-0: Ball 3-0: Called Strike 3-1: Foul Ball, location: 2F 3-2: Foul Ball, location: 2F 3-2: Ground out 4-3 (Groundball, 4, EV 92.5 MPH)
|
| Top of the 3rd over - 0 runs, 0 hits, 0 errors, 1 left on base; Roswell 0 - Palm Beach 0 |
| BOTTOM OF THE 3RD |
|
Palm Beach Nationals batting - Pitching for Roswell Invaders : LHP Travis Osorio
|
|
Batting: RHB Jason Ewert
|
0-0: Ground out 6-3 (Groundball, 6M, EV 86.9 MPH)
|
|
Batting: RHB Steve Kunselman
|
0-0: Called Strike 0-1: Ground out 6-3 (Groundball, 6, EV 90.0 MPH)
|
|
Batting: RHB Bobby Bricker
|
0-0: Foul Ball, location: 2F 0-1: Foul Ball, location: 2F 0-2: Ball 1-2: Ball 2-2: SINGLE (Groundball, 15S, EV 63.8 MPH) (infield hit)
|
|
Batting: RHB Victor Cintron
|
0-0: Called Strike 0-1: Foul Ball, location: 2F 0-2: Ball Bobby Bricker is caught stealing 2nd base 2-4
|
| Bottom of the 3rd over - 0 runs, 1 hit, 0 errors, 0 left on base; Roswell 0 - Palm Beach 0 |
| TOP OF THE 4TH |
|
Roswell Invaders batting - Pitching for Palm Beach Nationals : RHP Matt Norris
|
|
Batting: RHB Mike Swift
|
0-0: Ball 1-0: Ball 2-0: Ball 3-0: Called Strike 3-1: Called Strike 3-2: Strikes out looking
|
|
Batting: RHB Josh Burrows
|
0-0: Ball 1-0: Ball 2-0: Called Strike 2-1: Fly out, F8 (Flyball, 78XD, EV 93.1 MPH)
|
|
Batting: LHB Josh Thomas
|
0-0: Ball 1-0: SINGLE (Line Drive, 78M, EV 108.1 MPH)
|
|
Batting: RHB Cody Savastand
|
0-0: Called Strike 0-1: Called Strike 0-2: Foul Ball, location: 2F 0-2: Fly out, F8 (Line Drive, 8RD, EV 106.2 MPH)
|
| Top of the 4th over - 0 runs, 1 hit, 0 errors, 1 left on base; Roswell 0 - Palm Beach 0 |
| BOTTOM OF THE 4TH |
|
Palm Beach Nationals batting - Pitching for Roswell Invaders : LHP Travis Osorio
|
|
Batting: RHB Victor Cintron
|
0-0: Called Strike 0-1: Foul Ball, location: 2F 0-2: Strikes out swinging
|
|
Batting: LHB Chance McWilliams
|
0-0: SINGLE (Line Drive, 6D, EV 96.9 MPH)
|
|
Batting: RHB Antonio Vallez
|
0-0: Ball 1-0: Ball 2-0: Ball 3-0: Swinging Strike 3-1: Base on Balls Chance McWilliams to second
|
|
Batting: SHB Curtis DeLille
|
0-0: Ball 1-0: Ball 2-0: Called Strike 2-1: Ball 3-1: Base on Balls Chance McWilliams to third Antonio Vallez to second
|
|
Batting: RHB Scott Merritt
|
0-0: Swinging Strike 0-1: Fly out, F7 (Flyball, 78M, EV 90.0 MPH)
|
|
Batting: RHB Jelexiz Cuenca
|
0-0: Ball 1-0: Called Strike 1-1: Fielders Choice at 2nd, 6-4 (Groundball, 6, EV 86.2 MPH)
|
| Bottom of the 4th over - 0 runs, 1 hit, 0 errors, 3 left on base; Roswell 0 - Palm Beach 0 |
| TOP OF THE 5TH |
|
Roswell Invaders batting - Pitching for Palm Beach Nationals : RHP Matt Norris
|
|
Batting: LHB Afanasy Apatenko
|
0-0: Ball 1-0: Foul Ball, location: 2F 1-1: Fly out, F8 (Line Drive, 8LD, EV 86.2 MPH)
|
|
Batting: LHB Falco van Koeveringe
|
0-0: Ball 1-0: Foul Ball, location: 2F 1-1: Foul Ball, location: 2F 1-2: Fly out, F8 (Line Drive, 8RD, EV 92.5 MPH)
|
|
Batting: RHB Orlando Florez
|
0-0: Ball 1-0: Ball 2-0: Ball 3-0: Called Strike 3-1: Called Strike 3-2: SINGLE (Groundball, 6D, EV 104.4 MPH)
|
|
Batting: SHB Ethan Newby
|
0-0: Called Strike 0-1: Ball 1-1: Called Strike Orlando Florez steals 2nd, throwing error, E2 Orlando Florez to third 1-2: Ball Wild Pitch! Orlando Florez scores 2-2: Strikes out swinging
|
| Top of the 5th over - 1 run, 1 hit, 1 error, 0 left on base; Roswell 1 - Palm Beach 0 |
| BOTTOM OF THE 5TH |
|
Palm Beach Nationals batting - Pitching for Roswell Invaders : LHP Travis Osorio
|
|
Batting: RHB Jason Ewert
|
0-0: Ball 1-0: Ball 2-0: Called Strike 2-1: SINGLE (Groundball, 56S, EV 94.4 MPH)
|
|
Batting: RHB Steve Kunselman
|
0-0: Fly out, F4 (Popup, 4M, EV 75.6 MPH)
|
|
Batting: RHB Bobby Bricker
|
0-0: Ball 1-0: Ball Jason Ewert steals 2nd base 2-0: Called Strike 2-1: Called Strike Jason Ewert steals 3rd base 2-2: Foul Ball, location: 2F 2-2: Foul Ball, location: 2F 2-2: Foul Ball, location: 2F 2-2: Strikes out swinging
|
|
Batting: RHB Victor Cintron
|
0-0: Ball 1-0: Called Strike 1-1: Swinging Strike 1-2: Fly out, F4 (Popup, 13, EV 84.4 MPH)
|
| Bottom of the 5th over - 0 runs, 1 hit, 0 errors, 1 left on base; Roswell 1 - Palm Beach 0 |
| TOP OF THE 6TH |
|
Roswell Invaders batting - Pitching for Palm Beach Nationals : RHP Matt Norris
|
|
Batting: LHB Dallas Kelly
|
0-0: Called Strike 0-1: Ball 1-1: Ball 2-1: Ball 3-1: Base on Balls
|
|
Batting: RHB Mike Swift
|
0-0: Ball 1-0: Called Strike 1-1: Ball 2-1: Ball 3-1: Base on Balls Dallas Kelly to second
|
|
Batting: RHB Josh Burrows
|
0-0: Called Strike 0-1: Swinging Strike 0-2: Ball 1-2: Ball 2-2: Ball 3-2: Foul Ball, location: 2F 3-2: Foul Ball, location: 2F 3-2: Foul Ball, location: 2F 3-2: Hit by Pitch Dallas Kelly to third Mike Swift to second
|
|
Batting: LHB Josh Thomas
|
0-0: Called Strike 0-1: Ball 1-1: Ball 2-1: Grounds into double play, 4-6-3 (Groundball, 4, EV 82.5 MPH) Dallas Kelly scores Mike Swift to third
|
|
Batting: RHB Cody Savastand
|
0-0: Called Strike 0-1: Ball 1-1: Ball 2-1: Ball 3-1: Base on Balls
|
|
Batting: LHB Afanasy Apatenko
|
0-0: Called Strike 0-1: Called Strike 0-2: Strikes out looking
|
| Top of the 6th over - 1 run, 0 hits, 0 errors, 2 left on base; Roswell 2 - Palm Beach 0 |
| BOTTOM OF THE 6TH |
|
Palm Beach Nationals batting - Pitching for Roswell Invaders : LHP Travis Osorio
|
|
Batting: LHB Chance McWilliams
|
0-0: Ball 1-0: Ground out 4-3 (Groundball, 4, EV 108.8 MPH)
|
|
Batting: RHB Antonio Vallez
|
0-0: Ball 1-0: Ball 2-0: Ball 3-0: Called Strike 3-1: Base on Balls
|
|
Batting: SHB Curtis DeLille
|
0-0: Ball 1-0: Ball 2-0: Foul Ball, location: 2F 2-1: Foul Ball, location: 2F 2-2: Fielders Choice at 2nd, 3-6 (Groundball, 13, EV 90.0 MPH)
|
|
Batting: RHB Scott Merritt
|
0-0: Ball 1-0: Foul Ball, location: 2F 1-1: Ball 2-1: Foul Ball, location: 2F 2-2: Fly out, F5 (Popup, 25F, EV 86.9 MPH)
|
| Bottom of the 6th over - 0 runs, 0 hits, 0 errors, 1 left on base; Roswell 2 - Palm Beach 0 |
| TOP OF THE 7TH |
|
Roswell Invaders batting - Pitching for Palm Beach Nationals : RHP Matt Norris
|
|
Batting: LHB Falco van Koeveringe
|
0-0: Ball 1-0: SINGLE (Flyball, 56D, EV 91.2 MPH)
|
|
Batting: RHB Orlando Florez
|
0-0: Fly out, F3 (Popup, 3, EV 54.4 MPH)
|
|
Batting: SHB Ethan Newby
|
0-0: Grounds into double play, 3-6-3 (Groundball, 34S, EV 85.0 MPH)
|
| Top of the 7th over - 0 runs, 1 hit, 0 errors, 0 left on base; Roswell 2 - Palm Beach 0 |
| BOTTOM OF THE 7TH |
|
Palm Beach Nationals batting - Pitching for Roswell Invaders : LHP Travis Osorio
|
|
Batting: RHB Jelexiz Cuenca
|
0-0: Ball 1-0: Foul Ball, location: 2F 1-1: Ball 2-1: Ball 3-1: Base on Balls
|
|
Batting: RHB Jason Ewert
|
0-0: Ball 1-0: Called Strike 1-1: Ball Wild Pitch! Jelexiz Cuenca to second 2-1: SINGLE (Groundball, 15S, EV 69.4 MPH) (infield hit) Jelexiz Cuenca to third
|
|
Batting: RHB Steve Kunselman
|
0-0: Ball 1-0: Foul Ball, location: 2F 1-1: Called Strike Jason Ewert is caught stealing 2nd base 2-4 1-2: Fly out, F8 (Flyball, 78D, EV 85.6 MPH) Runner from 3rd tags up, SCORES, no throw by CF
|
|
Batting: RHB Bobby Bricker
|
0-0: Ball 1-0: Called Strike 1-1: Foul Ball, location: 2F 1-2: Ball 2-2: Foul Ball, location: 2F 2-2: Foul Ball, location: 2F 2-2: DOUBLE (Line Drive, 7D, EV 109.4 MPH)
|
|
Batting: RHB Victor Cintron
|
0-0: Ball 1-0: Ground out 4-3 (Groundball, 4, EV 102.5 MPH)
|
| Bottom of the 7th over - 1 run, 2 hits, 0 errors, 1 left on base; Roswell 2 - Palm Beach 1 |
| TOP OF THE 8TH |
|
Roswell Invaders batting - Pitching for Palm Beach Nationals : RHP Matt Norris
|
|
Batting: LHB Dallas Kelly
|
0-0: Fly out, F8 (Flyball, 8RM, EV 95.6 MPH)
|
|
Batting: RHB Mike Swift
|
0-0: Swinging Strike 0-1: Ball 1-1: Foul Ball, location: 2F 1-2: Ball 2-2: Foul Ball, location: 2F 2-2: SINGLE (Groundball, 34D, EV 108.1 MPH)
|
|
Batting: RHB Josh Burrows
|
0-0: Ball Wild Pitch! Mike Swift to second 1-0: Intentional Walk
|
|
Batting: LHB Josh Thomas
|
0-0: Ball 1-0: Ball 2-0: Ball 3-0: Called Strike 3-1: Foul Ball, location: 2F 3-2: Foul Ball, location: 2F 3-2: Base on Balls Mike Swift to third Josh Burrows to second
|
|
Batting: RHB Cody Savastand
|
0-0: Ball 1-0: Called Strike 1-1: Ball 2-1: DOUBLE (Line Drive, 89D, EV 100.0 MPH) Mike Swift scores Josh Burrows scores Josh Thomas to third
|
|
Batting: LHB Afanasy Apatenko
|
0-0: Intentional Walk
|
|
Batting: LHB Falco van Koeveringe
|
0-0: Called Strike 0-1: SINGLE (Flyball, 6MD, EV 95.0 MPH) Josh Thomas scores Cody Savastand to third Afanasy Apatenko to second Runner from 3rd tries for Home, SAFE, throw by CF to home
|
|
Batting: RHB Orlando Florez
|
0-0: Ball 1-0: Ball 2-0: Called Strike 2-1: SINGLE (Flyball, 89S, EV 90.6 MPH) Afanasy Apatenko to third Falco van Koeveringe to second Runner from 3rd tries for Home, SAFE, throw by CF to home
|
|
Pitching: RHP Kiyonaga Nakamura
|
|
|
Batting: SHB Ethan Newby
|
0-0: Fly out, F4 (Flyball, 4D, EV 73.8 MPH)
|
|
Batting: LHB Dallas Kelly
|
0-0: Foul Ball, location: 2F 0-1: Ground out 1-3 (Groundball, 15S, EV 70.6 MPH)
|
| Top of the 8th over - 5 runs, 4 hits, 0 errors, 2 left on base; Roswell 7 - Palm Beach 1 |
| BOTTOM OF THE 8TH |
|
Palm Beach Nationals batting - Pitching for Roswell Invaders : LHP Travis Osorio
|
|
Batting: LHB Chance McWilliams
|
0-0: Ball 1-0: Ball 2-0: Ball 3-0: Swinging Strike 3-1: Base on Balls
|
|
Batting: RHB Antonio Vallez
|
0-0: Called Strike 0-1: Ball 1-1: Ball 2-1: Ball 3-1: Base on Balls Chance McWilliams to second
|
|
Pitching: RHP Jake Priest
|
|
|
Batting: SHB Curtis DeLille
|
0-0: Ball 1-0: Ball 2-0: Ball 3-0: Called Strike 3-1: Foul Ball, location: 2F 3-2: Strikes out swinging
|
|
Batting: RHB Scott Merritt
|
0-0: Called Strike 0-1: Swinging Strike 0-2: Ball 1-2: Ball 2-2: Ball 3-2: Foul Ball, location: 2F 3-2: Fly out, F8 (Line Drive, 8RD, EV 98.1 MPH) Throwing error, E8 Chance McWilliams scores Antonio Vallez to second
|
|
Batting: RHB Jelexiz Cuenca
|
0-0: Ball 1-0: Called Strike 1-1: SINGLE (Groundball, 5L, EV 97.5 MPH) Antonio Vallez to third Throwing error, E7 Antonio Vallez scores Jelexiz Cuenca to second
|
|
Batting: RHB Jason Ewert
|
0-0: Called Strike 0-1: Ball 1-1: TRIPLE (Flyball, 89XD, EV 101.2 MPH) Jelexiz Cuenca scores
|
|
Pitching: RHP Vinny Segura
|
|
|
Pinch Hitting: LHB Vince McLane
|
0-0: Swinging Strike 0-1: Ball 1-1: Foul Ball, location: 2F 1-2: Ball 2-2: Fly out, F6 (Popup, 4MD, EV 63.8 MPH)
|
| Bottom of the 8th over - 3 runs, 2 hits, 2 errors, 1 left on base; Roswell 7 - Palm Beach 4 |
| TOP OF THE 9TH |
|
Roswell Invaders batting - Pitching for Palm Beach Nationals : RHP Kiyonaga Nakamura
|
|
Now in CF: Vince McLane
|
|
|
Batting: RHB Mike Swift
|
0-0: Called Strike 0-1: SINGLE (Groundball, 6MD, EV 100.6 MPH)
|
|
Batting: RHB Josh Burrows
|
0-0: Ball 1-0: Ball 2-0: Called Strike 2-1: Called Strike 2-2: SINGLE (Groundball, 56D, EV 103.1 MPH) Mike Swift to second
|
|
Batting: LHB Josh Thomas
|
0-0: Fly out, F5 (Popup, 56, EV 64.4 MPH)
|
|
Batting: RHB Cody Savastand
|
0-0: Sac Bunt to 2L - play at first, batter OUT! 2-3 Mike Swift to third Josh Burrows to second
|
|
Batting: LHB Afanasy Apatenko
|
0-0: Ball 1-0: Ball 2-0: Called Strike 2-1: Fly out, F9 (Flyball, 9S, EV 88.8 MPH)
|
| Top of the 9th over - 0 runs, 2 hits, 0 errors, 2 left on base; Roswell 7 - Palm Beach 4 |
| BOTTOM OF THE 9TH |
|
Palm Beach Nationals batting - Pitching for Roswell Invaders : RHP Vinny Segura
|
|
Batting: RHB Bobby Bricker
|
0-0: Ball 1-0: Ball 2-0: Called Strike 2-1: Swinging Strike 2-2: Strikes out swinging
|
|
Batting: RHB Victor Cintron
|
0-0: Ball 1-0: Ball 2-0: Ground out 1-3 (Groundball, 34S, EV 60.0 MPH)
|
|
Batting: LHB Chance McWilliams
|
0-0: Called Strike 0-1: Ball 1-1: Foul Ball, location: 2F 1-2: Ball 2-2: Foul Ball, location: 2F 2-2: Ball 3-2: Base on Balls
|
|
Pitching: RHP Jeff Whaley
|
|
|
Batting: RHB Antonio Vallez
|
0-0: Ball 1-0: Fly out, F7 (Line Drive, 7D, EV 88.1 MPH)
|
| Bottom of the 9th over - 0 runs, 0 hits, 0 errors, 1 left on base; Roswell 7 - Palm Beach 4 |
|